 Dungeon Crawl Stone Soup version 0.31-a0-940-gdaa99269f9 (webtiles) character file.

Game seed: 16627610857518231868

97 Dirtsage the Chopper (level 4, 35/35 HPs)
             Began as a Demonspawn Fighter on Oct 20, 2023.
             Quit the game on level 2 of the Dungeon.
             The game lasted 00:01:42 (1102 turns).

Dirtsage the Chopper (Demonspawn Fighter)           Turns: 1102, Time: 00:01:42

Health: 35/35      AC:  7    Str: 18    XL:     4   Next: 42%
Magic:  4/4        EV:  9    Int: 10    God:
Gold:   81         SH:  4    Dex: 12    Spells: 3/3 levels left

rFire   . . .        a - +0 war axe
rCold   . . .        c - +0 buckler
rNeg    . . .        b - +0 scale mail
rPois   .            (helmet restricted)
rElec   .            e - +0 cloak
rCorr   .            (no gloves)
SInv    .            (no boots)
Will    +....        (no amulet) Stlth
                     i - ring of willpower
HPRegen 0.25/turn    (no ring)
MPRegen 0.18/turn

%: no passive effects
@: no status effects
A: antennae 1, magic regeneration, demonic touch 1
a: no special abilities


You were on level 2 of the Dungeon.
You visited 1 branch of the dungeon, and saw 2 of its levels.

You collected 81 gold pieces.

Inventory:

Hand Weapons
 a - a +0 war axe (weapon)
Armour
 b - a +0 scale mail (worn)
 c - a +0 buckler (worn)
 e - a +0 cloak (worn)
Jewellery
 i - a ring of willpower (left hand)
Scrolls
 g - 2 scrolls of identify {unknown}
 h - a scroll of enchant armour {unknown}
Potions
 d - a potion of might
 f - a potion of magic {unknown}
 j - a potion of heal wounds {unknown}
 k - a potion of haste {unknown}


   Skills:
 - Level 3.0 Fighting
 - Level 3.2 Axes
 - Level 2.6 Armour
 - Level 2.6 Shields
 * Level 2.5 Unarmed Combat


You had 3 spell levels left.
You didn't know any spells.
Your spell library was empty.

Dungeon Overview and Level Annotations

Branches:
Dungeon (2/15)

Altars:
Kikubaaqudgha


Innate Abilities, Weirdness & Mutations

You have a pair of small antennae on your head.
You regenerate magic rapidly.
Your touch may inflict minor irresistible damage on your foes.


Message History

You are too injured to fight recklessly!
The gnoll attacks as it pursues you! The gnoll barely misses you.
The gnoll hits you from afar with a +0 spear.
You block the gnoll's attack.
You take 2 damage, and have 17/29 hp.
The gnoll attacks as it pursues you! The gnoll hits you with a +0 flail.
You take 1 damage, and have 16/29 hp.
You closely miss the gnoll.
The gnoll is almost dead.
You block the gnoll's attack.
You hit the gnoll.
You kill the gnoll!
You slash the gnoll!
The gnoll is severely wounded.
The gnoll hits you but does no damage. You block the gnoll's attack.
The gnoll hits you but does no damage.
You hit the gnoll.
You kill the gnoll!
The gnoll hits you from afar with a +0 spear.
Your Unarmed Combat skill increases to level 2!
You have reached level 4!
You feel clever.
Your demonic ancestry asserts itself...
Your hands begin to faintly glow with unholy energy.
You regained 3 hp, and now have 20/35 hp.
MP restored: 4 You slash the gnoll!
You kill the gnoll!
You block the gnoll's attack. x2
The gnoll barely misses you.
Items here: ))) †.
You barely miss the gnoll. The gnoll hits you but does no damage.
You closely miss the gnoll. The gnoll hits you with a +0 spear.
You take 3 damage, and have 18/35 hp.
You slash the gnoll!
You kill the gnoll!
You see here a +0 spear.
You start resting.
HP restored.
Health restored: 35 Are you sure you want to abandon this character and quit the game? (Confirm with "yes".)

#.####...####
#.#.........## #
#............# .# #
##...........# ###.# .##
#.###...#.#.# ....#
#.###.# #..>#.#.##....##
......# #...#.#........#
#.########.##.#.?......#
...........##.#.@......#
..####.........#)#...###
..## #.######..#.# ..#
...###.# #..#.# ##
.......# #..#.#
...###.######..#.#
#...##.........#.####
..............)......
#...##.##†..##<#.####


There were no monsters in sight!

Vanquished Creatures
  4 gnolls (D:2)
  3 adders (D:2)
  A dart slug (D:1)
  2 endoplasms
  2 giant cockroaches (D:1)
  4 goblins
  A hobgoblin (D:1)
  A quokka (D:1)
  3 ball pythons
  3 bats
  A frilled lizard (D:1)
  5 kobolds
  3 rats (D:1)
33 creatures vanquished.

Notes
Turn   | Place    | Note
-------+----------+-------------------------------------------
     0 | D:1      | Dirtsage the Demonspawn Fighter began the quest for the
                  | Orb.
     0 | D:1      | Reached XP level 1. HP: 18/18 MP: 1/1
   334 | D:1      | Gained mutation: You regenerate magic rapidly. [demonic
                  | ancestry]
   334 | D:1      | Reached XP level 2. HP: 21/24 MP: 2/2
   877 | D:2      | Discovered your monstrous ancestry.
   877 | D:2      | Gained mutation: You have a pair of small antennae on your
                  | head. [demonic ancestry]
   877 | D:2      | Reached XP level 3. HP: 18/29 MP: 3/3
   889 | D:2      | Found an ancient bone altar of Kikubaaqudgha.
   985 | D:2      | Reached skill level 1 in Unarmed Combat
  1032 | D:2      | Gained mutation: Your touch may inflict minor irresistible
                  | damage on your foes. [demonic ancestry]
  1032 | D:2      | Reached XP level 4. HP: 20/35 MP: 4/4
  1102 | D:2      | Quit the game

Illustrated notes

Levels and vault maps discovered:
D:1:      saegor_arrival_simple_c, layout_loops_corners
D:2:      layout_loops_ring, basic_altar

Skill      XL: |  1  2  3 |
---------------+----------+-----
Axes           | 2 3 |  3.2
Unarmed Combat | 2 |  2.5
Fighting       | |  3.0
Armour         | |  2.6
Shields        | |  2.6

Action                     |  1- 3 |  4- 6 || total
---------------------------+-------+-------++-------
  Melee: War axe           |    95 |     4 ||    99
 Armour: Scale mail        |    85 |     2 ||    87
  Dodge: Dodged            |    40 |     1 ||    41
  Block: Buckler           |    31 |     2 ||    33

Table legend: (Time is in decaauts)
 A = Elapsed time spent in this place.
 B = Non-inter-level travel time spent in this place.
 C = Inter-level travel time spent in this place.
 D = Time resting spent in this place.
 E = Time spent auto-exploring this place.
 F = Levels seen in this place.
 G = Mean time per level.
                   A        B        C        D        E       F      G
               +--------+--------+--------+--------+--------+-----+--------+
         Total |   1141 |   1123 |     18 |     64 |    823 |   2 |  570.5 |
       Dungeon |   1141 |   1123 |     18 |     64 |    823 |   2 |  570.5 |
               +--------+--------+--------+--------+--------+-----+--------+

Top non-repeatable levels by time:
     D:1: 874 daAuts
     D:2: 266 daAuts
